 Dungeon Crawl Stone Soup version 0.27-a0-1312-g5cdb2b3542 (webtiles) character file.

Game seed: 13865691574653723390

19037 27snakeeyes612 the Cleaver (level 12, -7/110 HPs)
             Began as a Minotaur Berserker on June 20, 2021.
             Was a High Priest of Trog.
             Mangled by a phantasmal warrior (30 damage)
             ... led by a death knight
             ... on level 12 of the Dungeon.
             The game lasted 00:10:58 (15084 turns).

27snakeeyes612 the Cleaver (Minotaur Berserker)    Turns: 15084, Time: 00:10:58

Health: -7/110     AC: 16    Str: 25    XL:     12   Next: 33%
Magic:  11/11      EV: 20    Int:  4    God:    Trog [*****.]
Gold:   812        SH:  7    Dex: 18    Spells: 11/11 levels left

rFire    . . .     SeeInvis .   y - +7 war axe of Toel {chaos, rPois}
rCold    . . .     Faith    .   o - +0 buckler
rNeg     . . .     Spirit   .   c - +1 scale mail
rPois    +         Reflect  .   (helmet restricted)
rElec    .         Harm     .   t - +0 cloak
rCorr    .         Rampage  .   n - +0 pair of gloves
Will     .....                  M - +2 pair of boots
Stlth    ..........             (no amulet)
HPRegen  0.28/turn              f - +6 ring of dexterity
MPRegen  0.12/turn              D - +4 ring of evasion

@: weak-willed
A: horns 2, retaliatory headbutt
a: Renounce Religion, Berserk, Trog's Hand, Brothers in Arms


You were on level 12 of the Dungeon.
You worshipped Trog.
Trog was extremely pleased with you.
You visited 1 branch of the dungeon, and saw 13 of its levels.
You also visited: Ice Cave.

You collected 812 gold pieces.

Inventory:

Hand Weapons
 a - a +0 hand axe
 p - a +1 war axe
 w - the +1 flail "Ogoqikurr" {speed, rPois}
   (You found it in an ice cave)

   Attacks with this weapon are significantly faster.
   It protects you from poison.
 y - the +7 war axe of Toel (weapon) {chaos, rPois}
   (You found it on level 6 of the Dungeon)

   Each time it hits an enemy it has a different, random effect.
   It protects you from poison.
Missiles
 r - 2 throwing nets
 A - 2 curare-tipped darts
 I - 12 boomerangs of dispersal
Armour
 b - a +0 animal skin
 c - a +1 scale mail (worn)
 n - a +0 pair of gloves (worn)
 o - a +0 buckler (worn)
 t - a +0 cloak (worn)
 M - a +2 pair of boots (worn)
Jewellery
 f - a +6 ring of dexterity (left hand)
 D - a +4 ring of evasion (right hand)
 H - the ring "Viblagy" {Fly rElec Dex+4}
   (You found it in an ice cave)

   [ring of flight]

   It affects your dexterity (+4).
   It insulates you from electricity.
   It grants you flight.
 J - a ring of see invisible
Wands
 i - a wand of digging (4)
 q - a wand of flame (10)
 x - a wand of charming (11)
 z - a wand of acid (22)
 E - a wand of paralysis (8) (quivered)
 F - a wand of polymorph (6)
 N - a wand of iceblast (3)
Scrolls
 d - 6 scrolls of teleportation
 j - a scroll of silence
 O - a scroll of magic mapping
 P - a scroll of noise {unknown}
Potions
 e - 3 potions of degeneration
 g - 3 potions of heal wounds
 h - 6 potions of curing
 k - 3 potions of might
 l - 4 potions of attraction
 m - 3 potions of ambrosia {unknown}
 s - a potion of lignification
 u - 2 potions of mutation {unknown}
 v - a potion of resistance {unknown}
 B - a potion of cancellation {unknown}
 C - a potion of invisibility
 G - a potion of haste {unknown}
 K - a potion of brilliance {unknown}
 L - 3 potions of flight {unknown}


   Skills:
 + Level 11.6 Fighting
 + Level 11.6 Axes
 + Level 11.3 Armour
 + Level 10.4 Dodging
 + Level 10.4 Shields


You had 11 spell levels left.
You didn't know any spells.
Your spell library was empty.

Dungeon Overview and Level Annotations

Branches:
Dungeon (13/15)            Temple (0/1) D:7            Lair (0/6) D:8
    Orc (0/2) D:9           IceCv (visited)
 Vaults: D:13-14

Altars:
Gozag
Makhleb
Qazlal
Sif Muna
Xom
The Shining One

Shops:
D:11 *

Annotations:
D:4 3 runed translucent doors, Froggeryz's ghost, amateur PaAK
D:6 1 exclusion
D:9 1 runed translucent door, feta's ghost, journeyman FoFi


Innate Abilities, Weirdness & Mutations

You have a pair of horns on your head.
You reflexively headbutt those who attack you in melee.


Message History

Found a coral ring.
There is a stone staircase leading up here.
A freezing wraith is nearby!
A freezing wraith is nearby!
A death knight comes into view. It is wielding a +1 broad axe.
The death knight shouts!
A phantasmal warrior comes into view. x2
A skeletal warrior comes into view. It is wielding a +0 mace.
The phantasmal warrior blinks!
The phantasmal warrior hits you!!
Your willpower is stripped away!
You barely miss the phantasmal warrior. You headbutt the phantasmal warrior!
The phantasmal warrior is lightly damaged.
You block the phantasmal warrior's attack.
The death knight mumbles some strange prayers to Yredelemnul against you.
Your body is wracked with pain!
The phantasmal warrior barely misses you.
You furiously retaliate!
You headbutt the phantasmal warrior.
There is a stone staircase leading up here.
The phantasmal warrior hits you!!
* * * LOW HITPOINT WARNING * * *
You climb upwards.
There is a stone staircase leading down here.
You barely miss the phantasmal warrior. You headbutt the phantasmal warrior!
The phantasmal warrior is heavily damaged.
You barely miss the phantasmal warrior.
You headbutt the phantasmal warrior, but do no damage.
The phantasmal warrior is heavily damaged.
The phantasmal warrior misses you.
You hit the phantasmal warrior but do no damage.
Your headbutt misses the phantasmal warrior.
The phantasmal warrior is heavily damaged.
You block the phantasmal warrior's attack.
You slash the phantasmal warrior!
The phantasmal warrior is heavily damaged.
The phantasmal warrior hits you!
* * * LOW HITPOINT WARNING * * *
You hit the phantasmal warrior. You burn the phantasmal warrior.
The phantasmal warrior is severely damaged.
The phantasmal warrior hits you!!
You die...

#.........# #.................#
#.........###.................#
#.......................<.....##
#...###.........................
#...# #..............^..........
#...# #..)......##...######.....
#...# #..###....##...# #.....
#...# #..# #..W.##†..# #....#
#...# #..# #...@##...# #....#
##...###..###.........######....#
.................................
.................................
#####.........###...............#
#...###...# #....##.........#
#...# #...# #....##.........#
#####...###...###....##.}.......#
.....................##.........#


You could see a phantasmal warrior.

Vanquished Creatures
  5 two-headed ogres
  The ghost of Glokmah the Magician, a novice DjSu of Cheibriados (D:6)
  A deep elf pyromancer (D:12)
  2 ugly things (IceCv)
  A cyclops (D:12)
  2 manticores (D:12)
  3 ice statues (IceCv)
  2 komodo dragons (D:12)
  2 trolls
  Grinder (D:5)
  A hornet (D:9)
  A hornet (shapeshifter) (D:12)
  A shadow (D:7)
  3 vampires
  2 wraiths
  15 yaks
  4 wyverns
  Grum (D:10)
  2 basilisks (D:8)
  A warg (D:9)
  2 vampire mosquitoes (D:10)
  Edmund (D:5)
  7 water moccasins
  6 orc warriors
  6 ice beasts (IceCv)
  A hornet zombie (D:6)
  3 necrophages
  A sky beast (D:5)
  2 centaurs
  2 ogres
  2 wolves (D:10)
  A kobold brigand (D:4)
  4 bullfrogs
  5 scorpions
  A wyvern skeleton (D:6)
  13 killer bees
  3 wights (D:9)
  3 electric eels (D:8)
  3 howler monkeys (D:7)
  3 centaur zombies
  A hound (D:6)
  A centaur skeleton (D:4)
  4 orc priests
  A gnoll shaman (D:5)
  Ijyb (D:4)
  6 iguanas
  15 orc wizards
  A hound skeleton (D:5)
  8 adders
  11 gnolls
  A shadow imp (D:6)
  2 white imps
  2 ufetubi
  An adder skeleton (D:5)
  3 worms
  A dart slug (D:3)
  34 orcs
  9 bats
  6 endoplasms
  6 giant cockroaches
  3 hobgoblins
  14 jackals
  3 quokkas
  7 ball pythons
  A frilled lizard (D:1)
  4 goblins
  13 kobolds
  8 rats
287 creatures vanquished.

Vanquished Creatures (others)
  A gnoll (D:8)
  8 fungi
  34 plants
43 creatures vanquished.

Grand Total: 330 creatures vanquished

Notes
Turn   | Place    | Note
-------+----------+-------------------------------------------
     0 | D:1      | 27snakeeyes612 the Minotaur Berserker began the quest for
                  | the Orb.
     0 | D:1      | Reached XP level 1. HP: 19/19 MP: 0/0
   292 | D:1      | Reached XP level 2. HP: 27/27 MP: 1/1
   539 | D:1      | Found a faded altar of an unknown god.
   659 | D:1      | Reached XP level 3. HP: 26/33 MP: 2/2
  1263 | D:2      | Reached ** piety under Trog
  2181 | D:3      | Reached XP level 4. HP: 40/40 MP: 3/3
  2324 | D:3      | Noticed a water moccasin
  2333 | D:3      | Killed a water moccasin
  2334 | D:3      | Reached XP level 5. HP: 26/47 MP: 4/4
  2637 | D:3      | Reached skill level 5 in Axes
  3065 | D:3      | Found a shimmering blue altar of Sif Muna.
  3607 | D:4      | Reached skill level 5 in Fighting
  3608 | D:4      | Reached XP level 6. HP: 34/56 MP: 5/5
  3742 | D:4      | Reached skill level 1 in Shields
  4164 | D:4      | Noticed Ijyb
  4182 | D:4      | Killed Ijyb
  4314 | D:4      | Reached *** piety under Trog
  4386 | D:4      | Found a runed translucent gate.
  4386 | D:4      | Found a runed translucent gate.
  4388 | D:4      | Found a runed translucent gate.
  4391 | D:4      | Noticed Froggeryz's ghost (amateur PaAK)
  4550 | D:4      | Reached XP level 7. HP: 61/61 MP: 6/6
  5097 | D:5      | Entered Level 5 of the Dungeon
  5097 | D:5      | Noticed Edmund
  5099 | D:5      | Reached skill level 5 in Armour
  5103 | D:5      | Killed Edmund
  6077 | D:5      | Reached skill level 5 in Dodging
  6188 | D:5      | Noticed Grinder
  6202 | D:5      | Killed Grinder
  6203 | D:5      | Reached XP level 8. HP: 58/71 MP: 7/7
  6589 | D:6      | Found an opulent altar of Gozag.
  6925 | D:6      | Identified the +7 war axe of Toel {chaos, rPois}
  7235 | D:6      | Reached skill level 5 in Shields
  7248 | D:6      | Noticed Glokmah's ghost (novice DjSu)
  7255 | D:6      | Found a runed translucent door.
  7496 | D:6      | Noticed a death knight
  7692 | D:6      | Killed Glokmah's ghost
  7693 | D:6      | Reached XP level 9. HP: 49/81 MP: 8/8
  7898 | D:7      | Found a staircase to the Ecumenical Temple.
  7997 | D:7      | Reached **** piety under Trog
  9172 | D:8      | Noticed a two-headed ogre
  9174 | D:8      | Reached XP level 10. HP: 87/90 MP: 9/9
  9178 | D:8      | Killed a two-headed ogre
  9239 | D:8      | Found a staircase to the Lair.
  9822 | D:8      | Found a shimmering altar of Xom.
  9822 | D:8      | Found a stormy altar of Qazlal.
  9822 | D:8      | Found a burning altar of Makhleb.
 10346 | D:9      | Found a staircase to the Orcish Mines.
 10511 | D:9      | Found a runed translucent door.
 10514 | D:9      | Noticed feta's ghost (journeyman FoFi)
 10514 | D:9      | Identified the +12 trident of Titirghoy {vorpal, rPois
                  | rCorr Int+3 Dex+3}
 11031 | D:10     | Entered Level 10 of the Dungeon
 11036 | D:10     | Reached skill level 10 in Axes
 11054 | D:10     | Reached ***** piety under Trog
 11175 | D:10     | Reached XP level 11. HP: 86/99 MP: 10/10
 11287 | D:10     | Found a glowing golden altar of the Shining One.
 11335 | D:10     | Noticed Grum
 11338 | D:10     | Reached skill level 10 in Fighting
 11343 | D:10     | Killed Grum
 11917 | D:11     | Reached skill level 10 in Armour
 12009 | D:11     | Noticed a two-headed ogre
 12017 | D:11     | Killed a two-headed ogre
 12689 | D:11     | Found Joibenwinko's Serpentskin Sales.
 12997 | D:12     | Noticed a deep elf pyromancer
 13009 | D:12     | Killed a deep elf pyromancer
 13220 | D:12     | Found a frozen archway.
 13229 | IceCv    | Entered an ice cave
 13246 | IceCv    | Identified the ring "Viblagy" {Fly rElec Dex+4}
 13254 | IceCv    | Noticed a white ugly thing
 13263 | IceCv    | Killed a white ugly thing
 13329 | IceCv    | Noticed a white ugly thing
 14364 | IceCv    | Killed a white ugly thing
 14372 | IceCv    | Identified the +1 ice dragon scales "Faecwy" {*Corrode rF-
                  | rC++ rN+ Regen+}
 14376 | IceCv    | Identified the +1 flail "Ogoqikurr" {speed, rPois}
 14442 | D:12     | Reached skill level 10 in Dodging
 14442 | D:12     | Reached skill level 10 in Shields
 14482 | D:12     | Reached XP level 12. HP: 110/110 MP: 11/11
 14556 | D:12     | Noticed a two-headed ogre
 14564 | D:12     | Killed a two-headed ogre
 14771 | D:12     | Noticed a two-headed ogre
 14777 | D:12     | Killed a two-headed ogre
 14833 | D:12     | Noticed a two-headed ogre
 14839 | D:12     | Killed a two-headed ogre
 15072 | D:13     | Noticed a death knight
 15084 | D:12     | Mangled by a phantasmal warrior

Illustrated notes

Levels and vault maps discovered:
D:1:      elethiomel_arrival_maze, layout_basic,
          ebering_ecumenical_altar_sacrificial
D:2:      minmay_chambers_of_twos, layout_loops_ring
D:3:      layout_loops_ring, lemuel_coloured_pillars_altar
D:4:      layout_loops_corners, gammafunk_ghost_nasty_kobolds, uniq_ijyb
D:5:      layout_basic, chequers_serial_rivers_micro_d, uniq_edmund,
          uniq_grinder
D:6:      minmay_chambers_of_fours, layout_loops_ring, lemuel_round_altar,
          hellmonk_ghost_happy_afterlife, minmay_statues_item,
          minmay_crystal_water
D:7:      layout_rooms, minmay_temple_entry_trees, grunt_ogre_cave
D:8:      layout_loops_cross, gammafunk_temple_overflow_claw,
          minmay_lair_entry_grove, st_stairs_12, chequers_big_river
D:9:      layout_long_grid, david_orc_3, ebering_ghost_funeral_grove,
          nzn_life_drinkers
D:10:     layout_roguey, amcnicky_altar_gilded, minmay_unpleasant_kobolds,
          uniq_grum
D:11:     layout_gridville, wad_floor_pattern_2, guppyfry_shop_venom
D:12:     layout_small_grid, portal_ice_cave_entry_pillars_1
D:13:     layout_gridville, minmay_rotating_lava

Skill      XL: |  1  2  3  4  5  6  7  8  9 10 11 12 |
---------------+-------------------------------------+-----
Axes           | 4 5 6 7 8 10 11 | 11.6
Fighting       | 4 5 6 7 8 9 11 | 11.6
Armour         | 3 4 5 7 8 9 10 11 | 11.3
Dodging        | 3 4 5 6 7 8 10 | 10.4
Shields        | 2 3 5 6 8 10 | 10.4

Action                   |  1- 3 |  4- 6 |  7- 9 | 10-12 || total
-------------------------+-------+-------+-------+-------++-------
Melee: Hand axe          |    81 |   111 |       |       ||   192
       Headbutt          |    14 |    34 |    43 |   102 ||   193
       War axe           |       |     5 |   203 |   331 ||   539
Invok: Berserk           |       |     1 |     1 |       ||     2
       Trog's Hand       |       |       |     1 |     1 ||     2
Evoke: Wand              |       |       |       |     3 ||     3
  Use: Scroll            |     5 |     3 |     3 |     6 ||    17
 Stab: Confused          |       |       |     1 |     1 ||     2
       Petrifying        |       |       |       |     1 ||     1
Armor: Scale mail        |    31 |    35 |    48 |    79 ||   193
Dodge: Dodged            |    43 |    54 |   113 |   241 ||   451
Block: Buckler           |       |    18 |    46 |    97 ||   161

Table legend: (Time is in decaauts)
 A = Elapsed time spent in this place.
 B = Non-inter-level travel time spent in this place.
 C = Inter-level travel time spent in this place.
 D = Time resting spent in this place.
 E = Time spent auto-exploring this place.
 F = Levels seen in this place.
 G = Mean time per level.
                   A        B        C        D        E       F      G
               +--------+--------+--------+--------+--------+-----+--------+
         Total |  15153 |  14449 |    704 |   1767 |  10981 |  14 | 1082.4 |
       Dungeon |  13959 |  13255 |    704 |    815 |  10981 |  13 | 1073.8 |
      Ice Cave |   1194 |   1194 |      0 |    952 |      0 |   1 | 1194.0 |
               +--------+--------+--------+--------+--------+-----+--------+

Top non-repeatable levels by time:
     D:8: 1657 daAuts
     D:4: 1509 daAuts
     D:5: 1472 daAuts
     D:3: 1396 daAuts
     D:6: 1355 daAuts
   IceCv: 1194 daAuts
     D:2: 1173 daAuts
     D:1: 1046 daAuts
     D:9: 1042 daAuts
    D:11: 1018 daAuts
    D:12: 946 daAuts
    D:10: 832 daAuts
     D:7: 502 daAuts
    D:13: 7 daAuts
